TOP OF THE 1ST |
Houston Colt .45's batting - Pitching for Portland Angels : RHP Lense Heus
|
Pitching: RHP Lense Heus
|
|
Batting: RHB Ralph Baltimore
|
0-0: Hit by Pitch
|
Batting: RHB Devon Healy
|
0-0: Foul Ball, location: 2F 0-1: SINGLE (Groundball, 4MD, EV 107.5 MPH) Ralph Baltimore to second
|
Batting: LHB Vecdi Hodensack
|
0-0: Called Strike 0-1: Fly out, F7 (Flyball, 78M, EV 88.8 MPH)
|
Batting: LHB Gong Tow
|
0-0: Called Strike 0-1: Foul Ball, location: 2F 0-2: Ball 1-2: Ball 2-2: Strikes out swinging
|
Batting: RHB Doug Dark
|
0-0: Foul Ball, location: 2F 0-1: Foul Ball, location: 2F 0-2: Strikes out swinging
|
Top of the 1st over - 0 runs, 1 hit, 0 errors, 2 left on base; Houston 0 - Portland 0 |
BOTTOM OF THE 1ST |
Portland Angels batting - Pitching for Houston Colt .45's : LHP Jim Leeman
|
Pitching: LHP Jim Leeman
|
|
Batting: RHB Ken Beck
|
0-0: Swinging Strike 0-1: Ground out 6-3 (Groundball, 6, EV 85.0 MPH)
|
Batting: RHB Jayden Hollaway
|
0-0: Called Strike 0-1: SINGLE (Groundball, 6D, EV 95.0 MPH)
|
Batting: RHB Alex Rosaly
|
0-0: Ball 1-0: Swinging Strike 1-1: Foul Ball, location: 2F 1-2: Fly out, F8 (Flyball, 8RM, EV 91.2 MPH)
|
Batting: RHB Mario Martinez
|
0-0: Ball 1-0: Ball 2-0: Called Strike Jayden Hollaway steals 2nd base 2-1: Foul Ball, location: 2F 2-2: Ball 3-2: Ground out 4-3 (Groundball, 4, EV 83.1 MPH)
|
Bottom of the 1st over - 0 runs, 1 hit, 0 errors, 1 left on base; Houston 0 - Portland 0 |
TOP OF THE 2ND |
Houston Colt .45's batting - Pitching for Portland Angels : RHP Lense Heus
|
Batting: RHB Jay Hussey
|
0-0: Called Strike 0-1: Fly out, F7 (Line Drive, 7S, EV 110.0 MPH)
|
Batting: LHB Casper Significant
|
0-0: Fly out, F8 (Flyball, 8RS, EV 91.2 MPH)
|
Batting: RHB Daniel Gladkowski
|
0-0: Foul Ball, location: 2F 0-1: Called Strike 0-2: Ground out 5-3 (Groundball, 56, EV 82.5 MPH)
|
Top of the 2nd over - 0 runs, 0 hits, 0 errors, 0 left on base; Houston 0 - Portland 0 |
BOTTOM OF THE 2ND |
Portland Angels batting - Pitching for Houston Colt .45's : LHP Jim Leeman
|
Batting: RHB Jose Garduno
|
0-0: Ball 1-0: Called Strike 1-1: Ball 2-1: Called Strike 2-2: Fly out, F8 (Flyball, 8RD, EV 81.2 MPH)
|
Batting: LHB Miguel Hernandez
|
0-0: Called Strike 0-1: Swinging Strike 0-2: Ball 1-2: Foul Ball, location: 2F 1-2: Foul Ball, location: 2F 1-2: Ball 2-2: Strikes out swinging
|
Batting: LHB Lupe Garcia
|
0-0: Foul Ball, location: 2F 0-1: Swinging Strike 0-2: Ball 1-2: Ball 2-2: Foul Ball, location: 2F 2-2: Foul Ball, location: 2F 2-2: Strikes out swinging
|
Bottom of the 2nd over - 0 runs, 0 hits, 0 errors, 0 left on base; Houston 0 - Portland 0 |
TOP OF THE 3RD |
Houston Colt .45's batting - Pitching for Portland Angels : RHP Lense Heus
|
Batting: LHB Pappy Sterile
|
0-0: Swinging Strike 0-1: Ball 1-1: Foul Ball, location: 2F 1-2: Ball 2-2: Ball 3-2: Fly out, F7 (Flyball, 7, EV 83.8 MPH)
|
Batting: RHB Ralph Baltimore
|
0-0: Called Strike 0-1: Foul Ball, location: 2F 0-2: Ball 1-2: Strikes out swinging
|
Batting: RHB Devon Healy
|
0-0: Ball 1-0: Foul Ball, location: 2F 1-1: Ball 2-1: Foul Ball, location: 2F 2-2: Ball 3-2: Fly out, F9 (Flyball, 89M, EV 90.0 MPH)
|
Top of the 3rd over - 0 runs, 0 hits, 0 errors, 0 left on base; Houston 0 - Portland 0 |
BOTTOM OF THE 3RD |
Portland Angels batting - Pitching for Houston Colt .45's : LHP Jim Leeman
|
Batting: LHB John Harvey
|
0-0: DOUBLE (Line Drive, 78D, EV 103.1 MPH)
|
Batting: LHB Matt Herndon
|
0-0: Foul Ball, location: 2F 0-1: Ball 1-1: Called Strike 1-2: Strikes out swinging
|
Batting: RHB Ken Beck
|
0-0: Ball 1-0: Ball 2-0: Ball 3-0: Called Strike 3-1: Foul Ball, location: 2F 3-2: Foul Ball, location: 2F 3-2: Strikes out swinging
|
Batting: RHB Jayden Hollaway
|
0-0: Ball 1-0: Called Strike 1-1: Called Strike 1-2: Ball 2-2: Strikes out swinging
|
Bottom of the 3rd over - 0 runs, 1 hit, 0 errors, 1 left on base; Houston 0 - Portland 0 |
TOP OF THE 4TH |
Houston Colt .45's batting - Pitching for Portland Angels : RHP Lense Heus
|
Batting: LHB Vecdi Hodensack
|
0-0: Foul Ball, location: 2F 0-1: Called Strike 0-2: Fly out, F8 (Flyball, 8RM, EV 93.1 MPH)
|
Batting: LHB Gong Tow
|
0-0: Ball 1-0: Foul Ball, location: 2F 1-1: Ball 2-1: Foul Ball, location: 2F 2-2: Strikes out swinging
|
Batting: RHB Doug Dark
|
0-0: Ball 1-0: Foul Ball, location: 2F 1-1: Foul Ball, location: 2F 1-2: Foul Ball, location: 2F 1-2: Foul Ball, location: 2F 1-2: Foul Ball, location: 2F 1-2: Strikes out swinging
|
Top of the 4th over - 0 runs, 0 hits, 0 errors, 0 left on base; Houston 0 - Portland 0 |
BOTTOM OF THE 4TH |
Portland Angels batting - Pitching for Houston Colt .45's : LHP Jim Leeman
|
Batting: RHB Alex Rosaly
|
0-0: Foul Ball, location: 2F 0-1: Foul Ball, location: 2F 0-2: Strikes out swinging
|
Batting: RHB Mario Martinez
|
0-0: Called Strike 0-1: Ball 1-1: Foul Ball, location: 2F 1-2: Fly out, F9 (Flyball, 9D, EV 97.5 MPH)
|
Batting: RHB Jose Garduno
|
0-0: Swinging Strike 0-1: Foul Ball, location: 2F 0-2: Ball 1-2: Strikes out swinging
|
Bottom of the 4th over - 0 runs, 0 hits, 0 errors, 0 left on base; Houston 0 - Portland 0 |
TOP OF THE 5TH |
Houston Colt .45's batting - Pitching for Portland Angels : RHP Lense Heus
|
Batting: RHB Jay Hussey
|
0-0: Ground out 6-3 (Groundball, 6, EV 84.4 MPH)
|
Batting: LHB Casper Significant
|
0-0: Foul Ball, location: 2F 0-1: Ball 1-1: Fly out, F7 (Flyball, 7D, EV 106.9 MPH)
|
Batting: RHB Daniel Gladkowski
|
0-0: Called Strike 0-1: SINGLE (Line Drive, 7LS, EV 103.1 MPH)
|
Batting: LHB Pappy Sterile
|
0-0: Ball 1-0: Called Strike 1-1: Foul Ball, location: 2F 1-2: Ball 2-2: Ball 3-2: Strikes out swinging
|
Top of the 5th over - 0 runs, 1 hit, 0 errors, 1 left on base; Houston 0 - Portland 0 |
BOTTOM OF THE 5TH |
Portland Angels batting - Pitching for Houston Colt .45's : LHP Jim Leeman
|
Batting: LHB Miguel Hernandez
|
0-0: Ball 1-0: Foul Ball, location: 2F 1-1: Ball 2-1: Bunted foul 2-2: Ball 3-2: Base on Balls
|
Batting: LHB Lupe Garcia
|
0-0: Ball 1-0: Called Strike Miguel Hernandez is caught stealing 2nd base 2-6 1-1: Ground out 5-3 (Groundball, 56, EV 78.1 MPH)
|
Batting: LHB John Harvey
|
0-0: Swinging Strike 0-1: Foul Ball, location: 2F 0-2: Ball 1-2: Strikes out looking
|
Bottom of the 5th over - 0 runs, 0 hits, 0 errors, 0 left on base; Houston 0 - Portland 0 |
TOP OF THE 6TH |
Houston Colt .45's batting - Pitching for Portland Angels : RHP Lense Heus
|
Batting: RHB Ralph Baltimore
|
0-0: Foul Ball, location: 2F 0-1: Ball 1-1: Ball 2-1: SINGLE (Groundball, 6D, EV 98.1 MPH)
|
Batting: RHB Devon Healy
|
0-0: Ball 1-0: Called Strike Ralph Baltimore is caught stealing 2nd base 2-4 1-1: Ball 2-1: Ball 3-1: Base on Balls
|
Batting: LHB Vecdi Hodensack
|
0-0: Ground out 4-3 (Groundball, 34, EV 98.8 MPH) Devon Healy to second
|
Batting: LHB Gong Tow
|
0-0: Ball 1-0: Called Strike 1-1: Called Strike 1-2: Ball 2-2: Foul Ball, location: 2F 2-2: Fly out, F9 (Flyball, 89S, EV 83.1 MPH)
|
Top of the 6th over - 0 runs, 1 hit, 0 errors, 1 left on base; Houston 0 - Portland 0 |
BOTTOM OF THE 6TH |
Portland Angels batting - Pitching for Houston Colt .45's : LHP Jim Leeman
|
Batting: LHB Matt Herndon
|
0-0: Called Strike 0-1: Swinging Strike 0-2: Fly out, F9 (Flyball, 89S, EV 89.4 MPH)
|
Batting: RHB Ken Beck
|
0-0: Foul Ball, location: 2F 0-1: Ball 1-1: Ball 2-1: Swinging Strike 2-2: Ball 3-2: SINGLE (Groundball, 4D, EV 103.1 MPH)
|
Batting: RHB Jayden Hollaway
|
0-0: Called Strike Ken Beck is caught stealing 2nd base 2-4 0-1: Foul Ball, location: 2F 0-2: Strikes out swinging
|
Bottom of the 6th over - 0 runs, 1 hit, 0 errors, 0 left on base; Houston 0 - Portland 0 |
TOP OF THE 7TH |
Houston Colt .45's batting - Pitching for Portland Angels : RHP Lense Heus
|
Batting: RHB Doug Dark
|
0-0: Called Strike 0-1: Ball 1-1: Swinging Strike 1-2: Strikes out swinging
|
Pitching: LHP Jim Roney
|
|
Batting: RHB Jay Hussey
|
0-0: Ball 1-0: Called Strike 1-1: Ball 2-1: Ground out U3 (Groundball, 34, EV 81.9 MPH)
|
Pinch Hitting: RHB Edward Chan
|
0-0: Called Strike 0-1: Foul Ball, location: 2F 0-2: Ball 1-2: SOLO HOME RUN (Flyball, 7D, EV 97.5 MPH), Distance : 370 ft
|
Batting: RHB Daniel Gladkowski
|
0-0: Ball 1-0: Swinging Strike 1-1: Ball 2-1: Called Strike 2-2: Ground out 6-3 (Groundball, 6, EV 77.5 MPH)
|
Top of the 7th over - 1 run, 1 hit, 0 errors, 0 left on base; Houston 1 - Portland 0 |
BOTTOM OF THE 7TH |
Portland Angels batting - Pitching for Houston Colt .45's : LHP Jim Leeman
|
Now at 3B: Jonathan Rausch
|
|
Batting: RHB Alex Rosaly
|
0-0: Foul Ball, location: 2F 0-1: Swinging Strike 0-2: Foul Ball, location: 2F 0-2: Ball 1-2: Foul Ball, location: 2F 1-2: Ball 2-2: Ball 3-2: Ground out 6-3 (Groundball, 6MS, EV 86.2 MPH)
|
Batting: RHB Mario Martinez
|
0-0: Ball 1-0: Ball 2-0: Ball 3-0: Base on Balls
|
Pitching: LHP Joey Callanta
|
|
Batting: RHB Jose Garduno
|
0-0: SINGLE (Groundball, 5, EV 98.8 MPH) Mario Martinez to second
|
Pinch Hitting: RHB Eric Hays
|
0-0: Ball 1-0: Called Strike 1-1: Ball 2-1: Called Strike 2-2: Strikes out looking
|
Batting: LHB Lupe Garcia
|
0-0: Ball 1-0: Ball 2-0: Called Strike 2-1: Called Strike 2-2: Ball 3-2: Foul Ball, location: 2F 3-2: Strikes out swinging
|
Bottom of the 7th over - 0 runs, 1 hit, 0 errors, 2 left on base; Houston 1 - Portland 0 |
TOP OF THE 8TH |
Houston Colt .45's batting - Pitching for Portland Angels : LHP Jim Roney
|
Now in LF: Eric Hays
|
|
Batting: LHB Pappy Sterile
|
0-0: Called Strike 0-1: Ball 1-1: Foul Ball, location: 2F 1-2: Strikes out looking
|
Batting: RHB Ralph Baltimore
|
0-0: SINGLE (Groundball, 34D, EV 96.2 MPH)
|
Batting: RHB Devon Healy
|
0-0: Ball Ralph Baltimore steals 2nd base 1-0: Intentional Walk
|
Batting: LHB Vecdi Hodensack
|
0-0: Ground out 5-3 (Groundball, 56S, EV 65.6 MPH) Ralph Baltimore to third Devon Healy to second
|
Batting: LHB Gong Tow
|
0-0: Ball 1-0: Ball 2-0: Ball 3-0: Base on Balls
|
Batting: RHB Doug Dark
|
0-0: Ball 1-0: Foul Ball, location: 2F 1-1: Foul Ball, location: 2F 1-2: Foul Ball, location: 2F 1-2: Ball 2-2: Strikes out looking
|
Top of the 8th over - 0 runs, 1 hit, 0 errors, 3 left on base; Houston 1 - Portland 0 |
BOTTOM OF THE 8TH |
Portland Angels batting - Pitching for Houston Colt .45's : LHP Joey Callanta
|
Batting: LHB John Harvey
|
0-0: Ball 1-0: Ball 2-0: Called Strike 2-1: Fly out, F8 (Flyball, 8RD, EV 99.4 MPH)
|
Pinch Hitting: LHB Jon Rahn
|
0-0: Called Strike 0-1: Foul Ball, location: 2F 0-2: Ball 1-2: Ball 2-2: Foul Ball, location: 2F 2-2: Fly out, F8 (Flyball, 8RM, EV 87.5 MPH)
|
Batting: RHB Ken Beck
|
0-0: Called Strike 0-1: Ball 1-1: Ball 2-1: Swinging Strike 2-2: Fly out, F3 (Popup, 3SF, EV 79.4 MPH)
|
Bottom of the 8th over - 0 runs, 0 hits, 0 errors, 0 left on base; Houston 1 - Portland 0 |
TOP OF THE 9TH |
Houston Colt .45's batting - Pitching for Portland Angels : LHP Jim Roney
|
Now in RF: Dustin Watling
|
|
Batting: RHB Jay Hussey
|
0-0: Called Strike 0-1: Ball 1-1: Foul Ball, location: 2F 1-2: Strikes out swinging
|
Batting: RHB Jonathan Rausch
|
0-0: Ball 1-0: Foul Ball, location: 2F 1-1: Foul Ball, location: 2F 1-2: Ball 2-2: Foul Ball, location: 2F 2-2: Ball 3-2: Strikes out swinging
|
Batting: RHB Daniel Gladkowski
|
0-0: Foul Ball, location: 2F 0-1: Called Strike 0-2: Strikes out swinging
|
Top of the 9th over - 0 runs, 0 hits, 0 errors, 0 left on base; Houston 1 - Portland 0 |
BOTTOM OF THE 9TH |
Portland Angels batting - Pitching for Houston Colt .45's : LHP Joey Callanta
|
Pitching: LHP Simeone Lulli
|
|
Batting: RHB Jayden Hollaway
|
0-0: Called Strike 0-1: Ball 1-1: Ball 2-1: Foul Ball, location: 2F 2-2: Ground out 6-3 (Groundball, 6, EV 107.5 MPH)
|
Batting: RHB Alex Rosaly
|
0-0: SINGLE (Groundball, 56S, EV 81.9 MPH) (infield hit)
|
Batting: RHB Mario Martinez
|
0-0: Called Strike 0-1: Ball 1-1: Foul Ball, location: 2F 1-2: Ball 2-2: Ball 3-2: Foul Ball, location: 2F 3-2: Base on Balls Alex Rosaly to second
|
Batting: RHB Jose Garduno
|
0-0: Ball 1-0: Ball 2-0: Fly out, F9 (Flyball, 89M, EV 95.0 MPH)
|
Batting: RHB Eric Hays
|
0-0: Foul Ball, location: 2F 0-1: Ball 1-1: Foul Ball, location: 2F 1-2: Ball 2-2: Foul Ball, location: 2F 2-2: Ball 3-2: Base on Balls Alex Rosaly to third Mario Martinez to second
|
Pitching: RHP Howard Hoult
|
|
Pinch Hitting: RHB Joe Keough
|
0-0: Ball 1-0: Ball 2-0: Swinging Strike 2-1: Ball 3-1: Base on Balls Alex Rosaly scores Mario Martinez to third Eric Hays to second
|
Batting: LHB John Harvey
|
0-0: Fly out, F7 (Flyball, 7D, EV 105.6 MPH)
|
Bottom of the 9th over - 1 run, 1 hit, 0 errors, 3 left on base; Houston 1 - Portland 1 |
TOP OF THE 10TH |
Houston Colt .45's batting - Pitching for Portland Angels : LHP Jim Roney
|
Pitching: RHP Hector Agudelo
|
|
Now at C: Joe Keough
|
|
Batting: LHB Pappy Sterile
|
0-0: Ball 1-0: Ball 2-0: Swinging Strike 2-1: Foul Ball, location: 2F 2-2: Strikes out swinging
|
Batting: RHB Ralph Baltimore
|
0-0: Called Strike 0-1: SOLO HOME RUN (Flyball, 7LD, EV 96.9 MPH), Distance : 362 ft
|
Batting: RHB Devon Healy
|
0-0: Called Strike 0-1: Ball 1-1: Called Strike 1-2: Strikes out swinging
|
Batting: LHB Vecdi Hodensack
|
0-0: Called Strike 0-1: Foul Ball, location: 2F 0-2: Ball 1-2: Ball 2-2: Strikes out swinging
|
Top of the 10th over - 1 run, 1 hit, 0 errors, 0 left on base; Houston 2 - Portland 1 |
BOTTOM OF THE 10TH |
Portland Angels batting - Pitching for Houston Colt .45's : RHP Howard Hoult
|
Pinch Hitting: LHB Lourens Aukema
|
0-0: Called Strike 0-1: Ball 1-1: Ball 2-1: Called Strike 2-2: Ground out U3 (Groundball, 3L, EV 80.6 MPH)
|
Pinch Hitting: RHB Esteban Rangel
|
0-0: Ball 1-0: Foul Ball, location: 2F 1-1: Swinging Strike 1-2: Foul Ball, location: 2F 1-2: Strikes out swinging
|
Batting: RHB Jayden Hollaway
|
0-0: Called Strike 0-1: Ball 1-1: Ball 2-1: Foul Ball, location: 2F 2-2: Foul Ball, location: 2F 2-2: Foul Ball, location: 2F 2-2: Ball 3-2: Foul Ball, location: 2F 3-2: Strikes out swinging
|
Bottom of the 10th over - 0 runs, 0 hits, 0 errors, 0 left on base; Houston 2 - Portland 1 |
|